 Dungeon Crawl Stone Soup version 0.28-a0-537-g3bccd9ccbf (webtiles) character file.

Game seed: 14648516217920129221

3 runemasterragnar the Insei (level 1, 0/17 HPs)
             Began as a Djinni Transmuter on Sept 28, 2021.
             Slain by a goblin (4 damage)
             ... on level 1 of the Dungeon.
             The game lasted 00:00:24 (296 turns).

runemasterragnar the Insei (Djinni Transmuter)       Turns: 296, Time: 00:00:24

Health: 0/17       AC:  2    Str:  9    XL:     1   Next: 55%
Gold:   0          EV: 12    Int: 14    God:
                   SH:  0    Dex: 13

rFire   + + .      SeeInvis .     - Unarmed
rCold   x . .      Faith    .   (no shield)
rNeg    . . .      Spirit   .   a - +0 robe
rPois   ∞          Reflect  .   (no helmet)
rElec   .          Harm     .   (no cloak)
rCorr   .          Rampage  .   (no gloves)
Will    .....                   (boots unavailable)
Stlth   +.........              (no amulet)
HPRegen 0.05/turn               (no ring)
MPRegen 0.00/turn               (no ring)

@: flying, very slightly contaminated
A: sickness immunity, fire resistance 2, cold vulnerability 1, float, innate
caster, hp casting, extra vitality 1
a: no special abilities


You were on level 1 of the Dungeon.
You visited 1 branch of the dungeon, and saw 1 of its levels.

Inventory:

Armour
 a - a +0 robe (worn)


   Skills:
 + Level 1.1 Fighting
 + Level 2.2 Dodging
 + Level 3.0 Unarmed Combat
 * Level 1.6 Spellcasting


You couldn't memorise any spells.
You knew the following spells:

 Your Spells              Type           Power      Damage    Failure   Level
a - Beastly Appendage     Tmut           10%        N/A       12%         1
b - Wereblood             Tmut           5%         N/A       19%         2
c - Spider Form           Tmut/Pois      2%         N/A       36%         3
d - Ice Form              Ice/Tmut       5%         N/A       77%         4
Your spell library was empty.

Dungeon Overview and Level Annotations

Branches:
Dungeon (1/15)

Altars:


Innate Abilities, Weirdness & Mutations

You are immune to sickness and miasma.
You are immune to poison.
Your flesh is very heat resistant. (rF++)
You are vulnerable to cold. (rC-)
You float through the air rather than walking.
You learn spells naturally, not from books.
Your magical power is your life essence.
You have superior vitality. (+4 HP)


Message History

The bat barely misses you.
You closely miss the bat. Your headbutt misses the bat. The bat misses you.
A hobgoblin comes into view.
The bat barely misses you.
You see here a ball python corpse.
The hobgoblin shouts!
The bat misses you. The bat hits you but does no damage.
You hit the bat.
You kill the bat!
A bat comes into view.
A goblin comes into view. It is wielding a +0 dagger.
You see here a bat corpse.
The bat barely misses you. The bat hits you but does no damage.
The hobgoblin barely misses you.
You hit the hobgoblin but do no damage. The bat hits you.
The bat closely misses you. The hobgoblin closely misses you.
You hit the hobgoblin but do no damage. The bat hits you.
A kobold comes into view. It is wielding a +0 short sword.
The hobgoblin barely misses you.
You closely miss the hobgoblin.
The kobold shouts!
Your headbutt misses the hobgoblin.
Your horns disappear.
The bat hits you but does no damage. The bat closely misses you.
You closely miss the goblin. The bat hits you but does no damage.
The hobgoblin hits you. The goblin barely misses you.
You hit the goblin.
The goblin is severely wounded.
The bat misses you. The hobgoblin hits you.
The goblin hits you with a +0 dagger.
* * * LOW HITPOINT WARNING * * *
Casting: Beastly Appendage (safe; 12% risk of failure)
Confirm with . or Enter, or press ? or * to list all spells.
You miscast Beastly Appendage.
You are very lightly contaminated with residual magic.
Nothing appears to happen.
* * * LOW HITPOINT WARNING * * *
The bat closely misses you. The hobgoblin closely misses you.
The goblin hits you with a +0 dagger.
You die...

........ ..#....
.....######
.........#
.........#
#..K.....# #.#gg..#
#.#@...# #.#b...#
#.#....# ♣♣
###.#†...##♣ ♣.
#..........♣ ♣.♣P
##.#.#....##♣
..P.♣###
#............
...P♣..#
##..#+########
.PP♣#.###.........#


You could see a hobgoblin, a goblin, a bat and a kobold.

Vanquished Creatures
  A ball python (D:1)
  A hobgoblin (D:1)
  A bat (D:1)
3 creatures vanquished.

Notes
Turn   | Place    | Note
-------+----------+-------------------------------------------
     0 | D:1      | runemasterragnar the Djinni Transmuter began the quest for
                  | the Orb.
     0 | D:1      | Reached XP level 1. HP: 17/17 MP: 0/0
   296 | D:1      | Slain by a goblin

Illustrated notes

Levels and vault maps discovered:
D:1:      heliophobic_arrival_glass_houses, layout_basic, serial_forest,
          infiniplex_forest_join, infiniplex_forest_straight_4,
          infiniplex_forest_end_3, infiniplex_forest_clump_long,
          infiniplex_forest_3_way, infiniplex_forest_clump_curved,
          infiniplex_forest_3_way, shapermc_ecumenical_altar_acropolis,
          minmay_misc_feat_roman

Action                   || total
-------------------------++-------
Melee: Unarmed           ||    18
       Punch             ||     1
 Cast: Beastly Appendage ||     2
Armor: Robe              ||     5
Dodge: Dodged            ||    21

Table legend: (Time is in decaauts)
 A = Elapsed time spent in this place.
 B = Non-inter-level travel time spent in this place.
 C = Inter-level travel time spent in this place.
 D = Time resting spent in this place.
 E = Time spent auto-exploring this place.
 F = Levels seen in this place.
 G = Mean time per level.
                   A        B        C        D        E       F      G
               +--------+--------+--------+--------+--------+-----+--------+
         Total |    294 |    294 |      0 |      0 |    261 |   1 |  294.0 |
       Dungeon |    294 |    294 |      0 |      0 |    261 |   1 |  294.0 |
               +--------+--------+--------+--------+--------+-----+--------+

Top non-repeatable levels by time:
     D:1: 294 daAuts
